 Dungeon Crawl Stone Soup version 0.31-a0-1616-gbeaec30b81 (webtiles) character file.

Game seed: 8294122074540601659

22365 shadizar the Fighter (level 12, -9/82 HPs)
             Began as a Gargoyle Fighter on Jan 10, 2024.
             Was a Priest of Okawaru.
             Killed by divine providence
             ... invoked by Saint Roka
              (13 damage)
             ... on level 2 of the Orcish Mines.
             The game lasted 00:27:15 (10712 turns).

shadizar the Fighter (Gargoyle Fighter)            Turns: 10712, Time: 00:27:15

Health: -9/82      AC: 31    Str: 26    XL:     12   Next: 99%
Magic:  10/12      EV: 12    Int: 11    God:    Okawaru [***...]
Gold:   1543       SH: 18    Dex:  9    Spells: 11/11 levels left

rFire   . . .        j - +1 demon whip (venom)
rCold   . . .        n - +0 tower shield
rNeg    + . .        d - +5 ring mail "Owyirph" {-Cast +Blink Str+3}
rPois   ∞            p - +1 helmet
rElec   +            (no cloak)
rCorr   .            m - +0 pair of gloves
SInv    +            (no boots)
Will    .....        h - amulet of regeneration
Stlth   ++           e - +4 ring of protection
HPRegen 1.13/turn    k - ring of see invisible
MPRegen 0.13/turn

%: no spellcasting
@: heroic
A: sickness immunity, AC +8, negative energy resistance 1, electricity
resistance, torment resistance 1, petrification resistance
a: Renounce Religion, Evoke Blink, Heroism


You were on level 2 of the Orcish Mines.
You worshipped Okawaru.
Okawaru was most pleased with you.
You visited 3 branches of the dungeon, and saw 14 of its levels.
You also visited: Ossuary.

You collected 1543 gold pieces.

Inventory:

Hand Weapons
 i - a +5 mace
 j - a +1 demon whip of venom (weapon)
Armour
 c - +0 acid dragon scales
 d - the +5 ring mail "Owyirph" (worn) {-Cast +Blink Str+3}
   (You found it on level 3 of the Dungeon)

   Str+3:     It affects your strength (+3).
   +Blink:    It lets you blink.
   -Cast:     It prevents spellcasting.
 l - a +2 kite shield
 m - a +0 pair of gloves (worn)
 n - a +0 tower shield (worn)
 p - a +1 helmet (worn)
 s - a +0 plate armour of fire resistance
Jewellery
 e - a +4 ring of protection (left hand)
 h - an amulet of regeneration (around neck)
 k - a ring of see invisible (right hand)
 r - a ring of fire
Wands
 q - a wand of iceblast (2)
 v - a wand of flame (22)
Scrolls
 g - a scroll of blinking
 o - 6 scrolls of teleportation
 y - 4 scrolls of identify
Potions
 a - 3 potions of enlightenment
 b - a potion of haste
 f - 2 potions of invisibility
 t - 3 potions of curing
 u - 2 potions of resistance
 x - 3 potions of might


   Skills:
 * Level 12.4(17.4) Fighting
 + Level 10.9(15.9) Maces & Flails
 + Level 12.0(17.0) Armour
 + Level 1.9(6.9) Dodging
 + Level 12.0(17.0) Shields


You had 11 spell levels left.
You didn't know any spells.
Your spell library contained the following spells:

 Spells                   Type           Power      Damage    Failure   Level
 Apportation              Tloc           0%         N/A       67%         1
 Magic Dart               Conj           0%         1d3       67%         1
 Necrotise                Necr           0%         1d4       67%         1
 Sandblast                Erth           0%         2d4       67%         1
 Sting                    Conj/Alch      0%         1d3       67%         1
 Blink                    Tloc           0%         N/A       80%         2
 Lesser Beckoning         Tloc           0%         N/A       80%         2
 Frozen Ramparts          Ice            0%         1d1       95%         3
 Gell's Gravitas          Tloc           0%         N/A       95%         3
 Inner Flame              Hex/Fire       0%         N/A       95%         3
 Ozocubu's Armour         Ice            0%         N/A       95%         3
 Passwall                 Erth           0%         N/A       95%         3
 Stone Arrow              Conj/Erth      0%         3d7       95%         3
 Teleport Other           Tloc           0%         N/A       95%         3
 Brom's Barrelling Bould  Conj/Erth      0%         2d3       100%        4
 Leda's Liquefaction      Alch/Erth      0%         N/A       100%        4
 Petrify                  Alch/Erth      0%         N/A       100%        4
 Irradiate                Conj/Alch      0%         3d11      100%        5
 Lee's Rapid Deconstruct  Erth           0%         3d4*      100%        5
 Metabolic Englaciation   Hex/Ice        0%         N/A       100%        5
 Ignition                 Fire           0%         3d3       100%        8
 Summon Small Mammal      Summ           Unusable   N/A       N/A         1
 Call Imp                 Summ           Unusable   N/A       N/A         2
 Call Canine Familiar     Summ           Unusable   N/A       N/A         3
 Animate Armour           Summ/Erth      Unusable   N/A       N/A         4
 Summon Blazeheart Golem  Fire/Summ      Unusable   N/A       N/A         4
 Summon Lightning Spire   Summ/Air       Unusable   N/A       N/A         4
 Sculpt Simulacrum        Ice/Alch       Unusable   N/A       N/A         6

Dungeon Overview and Level Annotations

Branches:
Dungeon (11/15)            Temple (1/1) D:7            Lair (0/5) D:11
    Orc (2/2) D:10            Elf (0/3) Orc:2       Ossuary (visited)

Altars:
Ashenzari
Cheibriados
Dithmenos
Elyvilon
Fedhas
Gozag
Hepliaklqana
Kikubaaqudgha
Makhleb
Nemelex Xobeh
Okawaru
Qazlal
Ru
Sif Muna
Trog
Uskayaw
Vehumet
Wu Jian
Xom
Yredelemnul
Zin
The Shining One

Shops:
Orc:1 (

Annotations:
D:4 1 runed translucent door, Crazy Yiuf
D:7 3 runed translucent doors, PanSaczeczos's ghost, novice DsAr; TobyConnect's ghost, novice TrCK
Orc:2 Saint Roka


Innate Abilities, Weirdness & Mutations

You are immune to sickness and miasma.
Your stone body is resilient. (AC +8)
You are immune to poison.
You resist negative energy. (rN+)
You are resistant to electric shocks. (rElec)
You are resistant to unholy torment.
You are immune to petrification.


Message History

You completely miss Saint Roka.
Saint Roka is heavily wounded.
Unknown command.
You gain the combat prowess of a mighty hero.
You can no longer speed up your combat.
You block the orc's attack. x2
The orc warrior hits you but does no damage.
Saint Roka invokes the aid of Beogh against you.
Beogh smites you!
Unknown command.
You whack Saint Roka!
Saint Roka is heavily wounded.
The orc barely misses you. You block the orc's attack.
The orc warrior hits you but does no damage.
Saint Roka invokes the aid of Beogh against you.
Beogh smites you!
Unknown command.
You whack Saint Roka!
Saint Roka looks as sick as possible!
Saint Roka is heavily wounded.
You block the orc's attack. The orc closely misses you.
The orc warrior closely misses you. You block the orc wizard's attack.
Saint Roka hits you with a +0 heavy long sword!!
* * * LOW HITPOINT WARNING * * *
Unknown command.
Unknown command.
You thrash Saint Roka!!
Saint Roka looks as sick as possible!
Saint Roka is severely wounded.
Unknown command.
Blink to where?
Press: ? - help, Dir - move target
As you read the scroll of blinking, it crumbles to dust.
You feel better.
The orc no longer looks unusually strong.
Saint Roka invokes the aid of Beogh against you.
Beogh smites you!
* * * LOW HITPOINT WARNING * * *
Saint Roka invokes the aid of Beogh against you.
Beogh smites you!
You die...
Saint Roka roars, "Praise to Beogh!"

###....##...#### ##...
####..............### ##....
##.#....##.##........###....#
#.........##.................
##.........##..).....#.......
#............>))............
####..#.#.......###).......##..
#....#####.....#####.#...#####.
#..#...##.....@..##.......###..
####....#.....#...##).#........
###.......##...#...###......
#.......##.......# #.#....
##.....o####....### ##.#...
###......o.#####...# #......
##...........###.#### ##...##
####.......oo....#### ###.#
#.#.....###....o.### ###


You could see Saint Roka (extremely poisoned) and 3 orcs.

Vanquished Creatures
  An orc warlord (Orc:1)
  Nessos (Orc:2)
  2 hydras
  2 ogre magi
  A boulder beetle (D:10)
  2 two-headed ogres
  An orc high priest (Orc:2)
  Nergalle (D:10)
  Amaemon (D:11)
  Lodul (D:10)
  Pikel (D:4)
  2 orc sorcerers (Orc:1)
  Maurice (Orc:2)
  A manticore (D:11)
  An orange demon (D:11)
  A yaktaur (D:10)
  3 trolls
  A slime creature (D:10)
  Sigmund (D:3)
  2 shadows
  3 yaks (D:10)
  A wraith (D:9)
  5 wyverns
  8 wargs
  3 vampire mosquitoes (D:11)
  Edmund (D:5)
  An acid dragon (D:11)
  2 water moccasins
  An ice beast (D:5)
  12 orc warriors
  A black bear (D:8)
  2 wolves (D:9)
  12 centaurs
  9 ogres
  2 lemures
  3 kobold brigands
  Blork the orc (D:3)
  2 bullfrogs
  6 gnoll sergeants
  7 water moccasin zombies (Ossuary)
  13 wights
  A burial acolyte (Ossuary)
  9 killer bees
  An electric eel (D:9)
  2 howler monkeys (D:6)
  A bombardier beetle (D:5)
  A jelly (D:7)
  11 hounds
  4 gnoll boudas
  12 orc priests
  4 iguanas
  13 orc wizards
  A sleepcap (D:7)
  A bullfrog simulacrum (Ossuary)
  2 crocodile zombies (Ossuary)
  2 mummies (Ossuary)
  53 gnolls
  3 adders
  A white imp (D:8)
  2 adder zombies (Ossuary)
  2 dart slugs
  3 ribbon worms
  65 orcs
  5 endoplasms
  9 giant cockroaches
  12 gnoll zombies (Ossuary)
  4 goblins
  7 hobgoblins
  11 jackals
  6 quokkas
  5 ball pythons
  5 bats
  3 frilled lizards
  2 jackal zombies (Ossuary)
  24 kobolds
  4 orc zombies (Ossuary)
  5 rats
418 creatures vanquished.

Vanquished Creatures (others)
  An orc (Orc:2)
1 creature vanquished.

Grand Total: 419 creatures vanquished

Notes
Turn   | Place    | Note
-------+----------+-------------------------------------------
     0 | D:1      | shadizar the Gargoyle Fighter began the quest for the Orb.
     0 | D:1      | Reached XP level 1. HP: 14/14 MP: 1/1
    43 | D:1      | Reached XP level 2. HP: 14/19 MP: 2/2
   502 | D:1      | Reached XP level 3. HP: 23/23 MP: 3/3
  1043 | D:2      | Reached XP level 4. HP: 29/29 MP: 4/4
  1626 | D:3      | Noticed Sigmund
  1630 | D:3      | Killed Sigmund
  1631 | D:3      | Reached XP level 5. HP: 34/34 MP: 5/5
  1645 | D:3      | Identified the +5 ring mail "Owyirph" {-Cast +Blink Str+3}
  1672 | D:3      | Reached XP level 6. HP: 39/39 MP: 6/6
  2250 | D:4      | Found a sand-covered staircase.
  2256 | Ossuary  | Entered an ossuary
  2346 | Ossuary  | Reached skill level 5 in Fighting
  2346 | Ossuary  | Reached skill level 5 in Armour
  2346 | Ossuary  | Reached skill level 5 in Shields
  2352 | Ossuary  | Reached XP level 7. HP: 44/44 MP: 7/7
  2646 | D:4      | Noticed Blork the orc
  2646 | D:4      | Noticed Pikel
  2691 | D:3      | Killed Blork the orc
  2692 | D:3      | Reached XP level 8. HP: 51/51 MP: 8/8
  2856 | D:4      | Killed Pikel
  2857 | D:4      | Reached skill level 5 in Maces & Flails
  2937 | D:4      | Found a runed translucent door.
  2938 | D:4      | Noticed Crazy Yiuf
  3215 | D:5      | Entered Level 5 of the Dungeon
  3371 | D:5      | Noticed Edmund
  3396 | D:5      | Killed Edmund
  3467 | D:5      | Reached XP level 9. HP: 56/56 MP: 9/9
  4726 | D:7      | Found a shadowy altar of Dithmenos.
  4773 | D:7      | Found a staircase to the Ecumenical Temple.
  4793 | Temple   | Found a transporter.
  4793 | Temple   | Found a transporter.
  4793 | Temple   | Found a transporter.
  4793 | Temple   | Found a transporter.
  4793 | Temple   | Entered the Ecumenical Temple
  4809 | Temple   | Became a worshipper of Warmaster Okawaru
  5095 | D:7      | Found a runed translucent gate.
  5095 | D:7      | Found a runed translucent gate.
  5095 | D:7      | Found a runed translucent gate.
  5096 | D:7      | Noticed PanSaczeczos's ghost (novice DsAr)
  5097 | D:7      | Noticed TobyConnect's ghost (novice TrCK)
  5523 | D:8      | Found a broken altar of Ashenzari.
  5524 | D:8      | Found a shimmering altar of Xom.
  5785 | D:8      | Reached * piety under Okawaru
  5813 | D:8      | Reached XP level 10. HP: 57/64 MP: 10/10
  5932 | D:8      | Found a blossoming altar of Fedhas.
  6447 | D:9      | Reached ** piety under Okawaru
  6873 | D:9      | Reached *** piety under Okawaru
  7231 | D:10     | Entered Level 10 of the Dungeon
  7267 | D:10     | Noticed Lodul
  7272 | D:10     | Noticed Nergalle
  7313 | D:9      | Reached XP level 11. HP: 62/71 MP: 11/11
  7545 | D:10     | Killed Nergalle
  7546 | D:10     | Reached skill level 10 in Shields
  7640 | D:9      | Reached skill level 10 in Fighting
  7640 | D:9      | Reached skill level 10 in Armour
  7650 | D:9      | Reached **** piety under Okawaru
  7670 | D:10     | Killed Lodul
  7783 | D:10     | Found a staircase to the Orcish Mines.
  7949 | D:10     | Found a shimmering blue altar of Sif Muna.
  8181 | D:10     | Noticed an eight-headed hydra
  8181 | D:10     | Noticed an ogre mage
  8225 | D:9      | Killed an eight-headed hydra
  8280 | D:10     | Killed an ogre mage
  8341 | D:10     | Noticed a seven-headed hydra
  8358 | D:10     | Killed a seven-headed hydra
  8370 | D:10     | Noticed a boulder beetle
  8402 | D:10     | Killed a boulder beetle
  8585 | D:11     | Reached XP level 12. HP: 79/79 MP: 12/12
  8598 | D:11     | Noticed Amaemon
  8627 | D:11     | Killed Amaemon
  8651 | D:11     | Reached skill level 10 in Maces & Flails
  9031 | D:11     | Found a staircase to the Lair.
  9047 | D:11     | Noticed a two-headed ogre
  9055 | D:11     | Killed a two-headed ogre
  9285 | Orc:1    | Entered Level 1 of the Orcish Mines
  9285 | Orc:1    | Noticed a two-headed ogre
  9295 | Orc:1    | Killed a two-headed ogre
  9348 | Orc:1    | Found Ita Xed's Antique Weapon Boutique.
  9357 | Orc:1    | Paralysed by an orc sorcerer for 4 turns
  9512 | Orc:2    | Entered Level 2 of the Orcish Mines
  9587 | Orc:2    | Noticed an orc warlord
  9694 | Orc:1    | Killed an orc warlord
  9858 | Orc:2    | Found a staircase to the Elven Halls.
  9977 | Orc:2    | Noticed Maurice
  9992 | Orc:2    | Killed Maurice
  9997 | Orc:2    | Noticed an ogre mage
 10049 | Orc:2    | Reached skill level 1 in Dodging
 10060 | Orc:2    | Killed an ogre mage
 10156 | Orc:2    | Noticed Nessos
 10189 | Orc:2    | Killed Nessos
 10521 | Orc:2    | Noticed Saint Roka
 10523 | Orc:2    | Noticed an orc high priest
 10672 | Orc:2    | Noticed a soul eater
 10676 | Orc:2    | Killed an orc high priest
 10711 | Orc:2    | HP: 3/82 [Saint Roka/divine providence (13)]
 10712 | Orc:2    | Killed from afar by Saint Roka

Illustrated notes

Levels and vault maps discovered:
D:1:      minmay_arrival_radiant_lines, layout_loops_cross
D:2:      layout_basic, minmay_crystal_water, minmay_misc_feat_doors,
          serial_bayou_pond_c, kennysheep_big_empty_room, minmay_tetromino_i2
D:3:      layout_loops_ring, uniq_sigmund
D:4:      minmay_evil_eye, layout_basic, nicolae_ossuary_entry_plus,
          uniq_crazy_yiuf_cottage, uniq_pikel, uniq_blork_the_orc
D:5:      minmay_diamond_boxcup, layout_loops_cross, uniq_edmund
D:6:      layout_basic
D:7:      layout_gridville, mainiacjoe_overflow_paths,
          minmay_temple_entry_statues_pillars, gammafunk_ghost_cemetery
D:8:      layout_rooms, xom_teletrap_fun, marbit_many_paths,
          cheibrodos_ashenzari_chains
D:9:      layout_cave_pools, serial_gnoll_camp, gnoll_camp_medium_02,
          gnoll_camp_huts_moat, gnoll_camp_mini_house, gnoll_camp_mini_hut,
          gnoll_camp_mini_doghouse, gnoll_camp_mini_basic
D:10:     minmay_blocky_corners, layout_cave_pools,
          mainiacjoe_overflow_cross_hatched, orc_0_dummy, hex_tiny,
          uniq_nergalle, uniq_lodul
D:11:     layout_loops_cross, lair_entry_dummy, uniq_amaemon
Temple:   hellmonk_temple_divided_pantheon
Orc:1:    layout_caves, serial_shops, shop, basic_altar
Orc:2:    st_orc_town, layout_diamond_mine, uniq_saint_roka, uniq_nessos,
          uniq_maurice

Skill      XL: |  1  2  3  4  5  6  7  8  9 10 11 12 |
---------------+-------------------------------------+-----
Fighting       | 4 5 6 8 9 10 12 | 12.4
Maces & Flails | 3 4 5 7 8 9 10 | 10.9
Armour         | 4 5 6 8 9 10 12 | 12.0
Shields        | 4 5 6 8 9 11 12 | 12.0
Dodging        | 1 |  1.9

Action                     |  1- 3 |  4- 6 |  7- 9 | 10-12 || total
---------------------------+-------+-------+-------+-------++-------
  Melee: Flail             |   128 |   132 |   284 |       ||   544
         Whip              |       |       |   180 |       ||   180
         Mace              |       |       |    98 |   878 ||   976
         Demon whip        |       |       |       |   260 ||   260
 Invoke: Heroism           |       |       |       |    19 ||    19
         Finesse           |       |       |       |     1 ||     1
    Use: Potion            |       |     1 |       |     8 ||     9
         Scroll            |       |       |    19 |     7 ||    26
 Armour: Scale mail        |   110 |    17 |       |       ||   127
         Ring mail         |       |    78 |   494 |  1121 ||  1693
  Dodge: Dodged            |    82 |    58 |   288 |   604 ||  1032
  Block: Buckler           |    27 |    27 |   192 |    13 ||   259
         Kite shield       |       |       |       |   993 ||   993
         Tower shield      |       |       |       |   218 ||   218

Table legend: (Time is in decaauts)
 A = Elapsed time spent in this place.
 B = Non-inter-level travel time spent in this place.
 C = Inter-level travel time spent in this place.
 D = Time resting spent in this place.
 E = Time spent auto-exploring this place.
 F = Levels seen in this place.
 G = Mean time per level.
                   A        B        C        D        E       F      G
               +--------+--------+--------+--------+--------+-----+--------+
         Total |  10859 |  10500 |    359 |      0 |   6131 |  15 |  723.9 |
       Dungeon |   9169 |   8810 |    359 |      0 |   5369 |  11 |  833.5 |
        Temple |     32 |     32 |      0 |      0 |      0 |   1 |   32.0 |
  Orcish Mines |   1318 |   1318 |      0 |      0 |    682 |   2 |  659.0 |
       Ossuary |    339 |    339 |      0 |      0 |     80 |   1 |  339.0 |
               +--------+--------+--------+--------+--------+-----+--------+

Top non-repeatable levels by time:
     D:9: 1542 daAuts
    D:10: 974 daAuts
   Orc:2: 943 daAuts
     D:7: 888 daAuts
     D:5: 866 daAuts
     D:1: 821 daAuts
     D:4: 811 daAuts
     D:2: 792 daAuts
    D:11: 731 daAuts
     D:8: 668 daAuts
     D:3: 571 daAuts
     D:6: 499 daAuts
   Orc:1: 375 daAuts
 Ossuary: 339 daAuts
  Temple: 32 daAuts
